 Dungeon Crawl Stone Soup version 0.28.0 (webtiles) character file.

Game seed: 17856654288847291275

118 ragingrage the Skirmisher (level 4, -3/63 HPs)
             Began as a Minotaur Berserker on Feb 6, 2022.
             Was a Believer of Trog.
             Slain by Ijyb (5 damage)
             ... on level 3 of the Dungeon.
             The game lasted 00:01:28 (2513 turns).

ragingrage the Skirmisher (Minotaur Berserker)      Turns: 2513, Time: 00:01:28

Health: -3/63      AC:  5    Str: 23    XL:     4   Next: 72%
Magic:  3/3        EV: 11    Int:  4    God:    Trog [**....]
Gold:   111        SH:  0    Dex: 10    Spells: 3/3 levels left

rFire   . . .      SeeInvis .   a - +0 hand axe
rCold   + . .      Faith    .   (no shield)
rNeg    . . .      Spirit   .   h - +0 ring mail {rC+}
rPois   +          Reflect  .   (helmet restricted)
rElec   .          Harm     .   (no cloak)
rCorr   .          Rampage  .   (no gloves)
Will    .....                   (no boots)
Stlth   ..........              (no amulet)
HPRegen 0.20/turn               l - ring of poison resistance
MPRegen 0.08/turn               j - +4 ring of protection

@: berserking, corroded, very quick
A: horns 2, retaliatory headbutt
a: Renounce Religion, Berserk, Trog's Hand


You were on level 3 of the Dungeon.
You worshipped Trog.
Trog was pleased with you.
You visited 1 branch of the dungeon, and saw 3 of its levels.

You collected 111 gold pieces.

Inventory:

Hand Weapons
 a - a +0 hand axe (weapon)
Missiles
 b - a throwing net (quivered)
Armour
 h - a +0 ring mail of cold resistance (worn)
Jewellery
 j - a +4 ring of protection (right hand)
 l - a ring of poison resistance (left hand)
Wands
 i - a wand of polymorph (11)
Scrolls
 d - a scroll of amnesia {unknown}
 e - 5 scrolls of magic mapping {unknown}
 f - a scroll of brand weapon {unknown}
 m - 2 scrolls of teleportation {unknown}
 n - a scroll of noise {unknown}
Potions
 c - a potion of invisibility {unknown}
 g - a potion of brilliance {unknown}
 k - a potion of curing {unknown}


   Skills:
 + Level 5.1 Fighting
 + Level 5.1 Axes
 - Level 2.8 Armour
 - Level 2.5 Dodging


You had 3 spell levels left.
You didn't know any spells.
Your spell library was empty.

Dungeon Overview and Level Annotations

Branches:
Dungeon (3/15)

Altars:
Ashenzari
Elyvilon
Fedhas
Makhleb
Zin
The Shining One

Shops:
D:2 [

Annotations:
D:3 Ijyb


Innate Abilities, Weirdness & Mutations

You have a pair of horns on your head.
You reflexively headbutt those who attack you in melee.


Message History

There is an open door here.
You open the door.
There is an open door here.
You open the door. 2 kobolds come into view.
The kobold shouts! x2
The kobold throws a stone.
The stone closely misses you.
The kobold throws a stone.
The stone closely misses you.
There is an open door here.
You hit the kobold.
You kill the kobold!
Trog accepts your kill.
You hit the kobold.
You kill the kobold!
Trog accepts your kill.
No target in view!
No target in view!
No target in view!
No target in view!
No target in view!
No target in view!
Things that are here:
a +0 dagger; a +0 dagger; 2 stones You open the door.
There is an open door here.
As you open the door, it creaks loudly!
Ijyb the Twisted Goblin comes into view.
She is wielding a +0 dagger of protection, wearing a +3 ring mail of willpower and carrying a wand of acid (6).
Ijyb shouts!
Ijyb zaps a wand.
The bolt of acid hits you!!
Ijyb is nearby!
You are too injured to fight recklessly!
Ijyb zaps a wand.
The bolt of acid hits you!!
Ouch! That really hurt!
* * * LOW HITPOINT WARNING * * *
The acid corrodes you!
There is an open door here.
A red film seems to cover your vision as you go berserk!
You feel yourself moving faster!
You feel mighty!
Ijyb hits you with a +0 dagger of protection.
You die...

#..............#.)#.....#..#.###
#............###..#+###'#..#.#
#......[...>...#..#.....#..#.#
##..........##.+..+.._..+..+.#
##...##...###.#..#.....#..#.#
########## #.#..#+###+#..#.#
#.#..# #..#.# #.'##+##+ +##+
#.#@g...# #.#.....# #.###+##+
#.. ###


You could see Ijyb.

Vanquished Creatures
  Terence (D:2)
  3 adders
  A dart slug (D:1)
  An orc (D:3)
  7 ball pythons
  9 endoplasms
  4 giant cockroaches
  3 goblins
  2 hobgoblins
  5 jackals (D:3)
  7 kobolds
  5 quokkas
  4 bats
  3 frilled lizards
  3 rats
  A spectral kobold (D:1)
59 creatures vanquished.

Notes
Turn   | Place    | Note
-------+----------+-------------------------------------------
     0 | D:1      | ragingrage the Minotaur Berserker began the quest for the
                  | Orb.
     0 | D:1      | Reached XP level 1. HP: 19/19 MP: 0/0
   430 | D:1      | Reached XP level 2. HP: 13/27 MP: 1/1
  1010 | D:1      | Found a faded altar of an unknown god.
  1185 | D:1      | Reached XP level 3. HP: 27/33 MP: 2/2
  1552 | D:2      | Reached ** piety under Trog
  1776 | D:2      | Found a blossoming altar of Fedhas.
  1856 | D:2      | Noticed Terence
  1861 | D:2      | Killed Terence
  1862 | D:2      | Reached XP level 4. HP: 41/41 MP: 3/3
  1938 | D:2      | Found Votosuf's Armour Boutique.
  2220 | D:3      | Reached skill level 5 in Fighting
  2220 | D:3      | Reached skill level 5 in Axes
  2251 | D:3      | Found a white marble altar of Elyvilon.
  2253 | D:3      | Found a glowing silver altar of Zin.
  2256 | D:3      | Found a glowing golden altar of the Shining One.
  2387 | D:3      | Found a broken altar of Ashenzari.
  2479 | D:3      | Found a burning altar of Makhleb.
  2510 | D:3      | Noticed Ijyb
  2511 | D:3      | HP: 1/42 [Ijyb/bolt of acid (21)]
  2513 | D:3      | Slain by Ijyb

Illustrated notes

Levels and vault maps discovered:
D:1:      dpeg_arrival_line_fractal, layout_basic,
          dreamdust_ecumenical_altar_drowned_temple, serial_bayou_pond_a
D:2:      layout_loops_cross, basic_altar, serial_shops,
          nicolae_shop_temple_entry_statues_fountains, uniq_terence
D:3:      layout_rooms, good_gods_temple_1, lemuel_tele_altar,
          mainiacjoe_overflow_24_doors, uniq_ijyb

Skill      XL: |  1  2  3  4 |
---------------+-------------+-----
Fighting       | 4 5 |  5.1
Axes           | 4 5 |  5.1
Armour         | |  2.8
Dodging        | |  2.5

Action                   |  1- 3 |  4- 6 || total
-------------------------+-------+-------++-------
Melee: Hand axe          |    95 |    35 ||   130
       Headbutt          |     8 |     9 ||    17
       Punch             |     4 |       ||     4
Invok: Berserk           |     5 |     1 ||     6
Armor: Animal skin       |    22 |       ||    22
       Ring mail         |     3 |    15 ||    18
Dodge: Dodged            |    61 |    21 ||    82
